 Dungeon Crawl Stone Soup version 0.23-a0-4-g8f018a2 (webtiles) character file.

82 prawnwizard the Slasher (level 4, -31/34 HPs)
             Began as a Demonspawn Gladiator on July 31, 2018.
             Was a Believer of Nemelex Xobeh.
             Killed by a card of wild magic (39 damage)
             ... on level 2 of the Dungeon.
             The game lasted 00:01:59 (1582 turns).

prawnwizard the Slasher (Demonspawn Gladiator)      Turns: 1582, Time: 00:01:59

Health: -31/34     AC:  7    Str: 15    XL:     4   Next: 21%
Magic:  4/4        EV: 10    Int: 10    God:    Nemelex Xobeh [**....]
Gold:   47         SH:  0    Dex: 14    Spells: 3/3 levels left

rFire    + . .     SeeInvis .   a - +0 long sword
rCold    . . .     Gourm    .   (no shield)
rNeg     . . .     Faith    .   n - +0 scale mail {rF+}
rPois    .         Spirit   .   c - +0 helmet
rElec    .         Reflect  .   (no cloak)
rCorr    .         Harm     .   (no gloves)
MR       .....                  (no boots)
Stlth    +.........             (no amulet)
HPRegen  0.11/turn              (no ring)
MPRegen  0.09/turn              (no ring)

@: no status effects
A: nightstalker 1, powered by death 2
a: Renounce Religion


You were on level 2 of the Dungeon.
You worshipped Nemelex Xobeh.
Nemelex Xobeh was pleased with you.
You were not hungry.

You visited 1 branch of the dungeon, and saw 2 of its levels.

You collected 47 gold pieces.

Inventory:

Hand Weapons
 a - a +0 long sword (weapon)
Missiles
 d - 3 throwing nets (quivered)
Armour
 b - a +0 leather armour
 c - a +0 helmet (worn)
 n - a +0 scale mail of fire resistance (worn)
Scrolls
 e - 2 scrolls of amnesia {unknown}
 i - 2 scrolls of enchant weapon {unknown}
 k - a scroll of random uselessness {unknown}
 p - a scroll of identify {unknown}
 q - a scroll of magic mapping {unknown}
Potions
 h - a potion of flight {unknown}
 j - 2 potions of haste {unknown}
 l - 2 potions of agility {unknown}
 m - a potion of mutation {unknown}
Miscellaneous
 g - an ornate deck of destruction {drawn: 1}
Comestibles
 f - 6 rations
 o - a chunk of flesh


   Skills:
 + Level 2.7 Fighting
 * Level 3.8 Long Blades
 - Level 1.7 Throwing
 + Level 3.2 Dodging


You had 3 spell levels left.
You didn't know any spells.
Your spell library was empty.

Dungeon Overview and Level Annotations

Branches:
Dungeon (2/15)

Altars:
Ashenzari
Fedhas
Nemelex Xobeh


Innate Abilities, Weirdness & Mutations

You are slightly more attuned to the shadows.
You regenerate health from kills.


Message History

The hippogriff screeches!
You hear a shout!
You feel sick.
You are no longer poisoned.
You start resting.
HP restored.
There is a transporter here.
You enter the transporter and appear at another place.
You draw a card...
It is Wild Magic.
The worm is struck by twisting air!
The worm dies!
There is a sudden explosion of magical energy!
The explosion engulfs the hippogriff.
The explosion engulfs you!
Ouch! That really hurt!
* * * LOW HITPOINT WARNING * * *
There is a sudden explosion of magical energy!
The explosion engulfs the kobold.
The kobold dies!
The explosion engulfs you!
Ouch! That really hurt!
You die...
Your body glows slightly and disappears.

......# ######'#.#.... ......#
#.#.#.... ......# #.... ......##
#.#.#.).. ......##..#########.(#
#...#.... .........##... ...##.#
##..(...# .........#8.##.
#.8#.#####.....#.
.........#$(##.##..#....(...#.#._
.#'##....#_(.......#........#..#.
.#'##...©#$$....@†.#§.......#...#
.....##..#_[.....H.#........#....
.....###.#$%##.##..#........##...
.....# #.#8.##.##.8#........##.).
.....# #.##!......##...#######...
.....# #..#########....# #...
.....# ##..............# ##...
.....# ######.........### #(...
#.........'.# #.)..


You could see a hippogriff.

Vanquished Creatures
  Terence (D:2)
  An adder (D:2)
  A dart slug (D:1)
  A giant cockroach (D:1)
  6 hobgoblins (D:1)
  A quokka (D:2)
  8 bats
  2 frilled lizards
  7 goblins (D:1)
  9 kobolds
  2 rats
39 creatures vanquished.

Vanquished Creatures (others)
  A worm (D:2)
  A kobold (D:2)
2 creatures vanquished.

Grand Total: 41 creatures vanquished

Notes
Turn   | Place    | Note
-------+----------+-------------------------------------------
     0 | D:1      | prawnwizard the Demonspawn Gladiator began the quest for the Orb.
     0 | D:1      | Reached XP level 1. HP: 16/16 MP: 1/1
   197 | D:1      | Gained mutation: You regenerate a little health from kills. [demonic ancestry]
   197 | D:1      | Reached XP level 2. HP: 19/22 MP: 2/2
   484 | D:1      | Gained mutation: You are slightly more attuned to the shadows. [demonic ancestry]
   484 | D:1      | Reached XP level 3. HP: 11/28 MP: 3/3
   913 | D:2      | Found a faded altar of an unknown god.
   929 | D:2      | Became a worshipper of Nemelex Xobeh the Trickster
   929 | D:2      | Received a gift from Nemelex Xobeh
   929 | D:2      | Reached * piety under Nemelex Xobeh
   967 | D:2      | Found a blossoming altar of Fedhas.
   970 | D:2      | Noticed a hippogriff
   972 | D:2      | Found a shattered altar of Ashenzari.
  1224 | D:2      | Reached ** piety under Nemelex Xobeh
  1248 | D:2      | Noticed Terence
  1258 | D:2      | Killed Terence
  1259 | D:2      | Gained mutation: You regenerate health from kills. [demonic ancestry]
  1259 | D:2      | Reached XP level 4. HP: 34/34 MP: 4/4
  1446 | D:2      | Found a transporter.
  1582 | D:2      | Killed by a card of wild magic

Vault maps used:
D:1:      lemuel_arrival_broad_hall, minmay_bisected
D:2:      nicolae_overflow_hidden_temple, gammafunk_temple_overflow_arena,
          chequers_ecumenical_altar_simple_redux, uniq_terence

Skill      XL: |  1  2 |
---------------+-------+-----
Long Blades    | 3 |  3.8
Dodging        | 3 |  3.2
Fighting       | |  2.7
Throwing       | |  1.7

Action                   |  1- 3 |  4- 6 || total
-------------------------+-------+-------++-------
Melee: Long sword        |    86 |    16 ||   102
 Stab: Sleeping          |     1 |       ||     1
  Eat: Chunk             |     1 |     1 ||     2
Armor: Leather armour    |    19 |       ||    19
       Scale mail        |    13 |    10 ||    23
Dodge: Dodged            |    63 |    12 ||    75
       Rpst.: Long sword |    28 |     3 ||    31

Table legend:
 A = Spawn XP
 B = Non-spawn XP
 C = Spawn XP percentage of total XP
 D = Spawn monster count
 E = Non-spawn monster count
 F = Spawn count percentage of total count
 G = Total turns spent on level
                    A         B        C        D         E        F      G
               +---------+---------+-------+---------+---------+-------+---------
         Total |       0 |     118 |   0.0 |       0 |      41 |   0.0 |  1582
               +---------+---------+-------+---------+---------+-------+---------
           D:1 |       0 |      46 |   0.0 |       0 |      26 |   0.0 |   897
           D:2 |       0 |      72 |   0.0 |       0 |      15 |   0.0 |   685
               +---------+---------+-------+---------+---------+-------+---------
